 Dungeon Crawl Stone Soup version 0.31.0-32-g396128a36d (webtiles) character file.

Game seed: 15456174292700073205

427 James the Vexing (level 6, -7/30 HPs)
             Began as a Felid Enchanter on Apr 21, 2024.
             Mangled by a gnoll sergeant
             ... wielding a +0 spear
              (14 damage)
             ... on level 5 of the Dungeon.
             The game lasted 00:16:21 (4343 turns).

James the Vexing (Felid Enchanter)                  Turns: 4343, Time: 00:16:21

Health: -7/30      AC:  2    Str:  6    XL:     6   Next: 65%
Magic:  4/10       EV: 18    Int: 18    God:
Gold:   131        SH:  0    Dex: 17    Spells: 1/9 levels left
                                        Lives:  0   Deaths: 2

rFire   . .          .
                       - Unarmed
rCold   . . .        (shield unavailable)
rNeg    . . .        (body armour unavailable)
rPois   .            (helmet unavailable)
rElec   .            (cloak unavailable)
rCorr   .            (gloves unavailable)
SInv    +            (boots unavailable)
Will    +....        (no amulet)
Stlth   +++          k - ring of willpower
HPRegen 0.25/turn    e - ring of wizardry
MPRegen 0.12/turn

%: wizardry (x1)
@: no status effects
A: very small, claws 1, fangs 3, see invisible, shaggy fur 2, stealthy paws, no
weapons or thrown items, no armour, multi-lived
a: no special abilities


You were on level 5 of the Dungeon.
You visited 1 branch of the dungeon, and saw 6 of its levels.

You collected 191 gold pieces.
You spent 60 gold pieces at shops.

Inventory:

Jewellery
 e - a ring of wizardry (right paw)
   (You found it on level 1 of the Dungeon)
 k - a ring of willpower (left paw)
   (You took it off a kobold on level 2 of the Dungeon)
Talismans
 v - a serpent talisman
   (You found it on level 4 of the Dungeon)
Wands
 t - a wand of flame (19)
   (You found it on level 3 of the Dungeon)
Scrolls
 b - 2 scrolls of fear
 d - a scroll of teleportation {@r4}
 f - a scroll of immolation {unknown}
 g - a scroll of noise {unknown}
 i - a scroll of vulnerability {unknown}
 m - 2 scrolls of enchant weapon {unknown}
 p - 2 scrolls of fog {unknown}
 q - a scroll of blinking {unknown}
 r - a scroll of enchant armour {unknown}
 s - a scroll of amnesia {unknown}
Potions
 a - 2 potions of invisibility
 c - 3 potions of brilliance
 h - a potion of lignification {!q}
 j - a potion of curing {unknown}
 l - a potion of heal wounds {@q2}
 n - 2 potions of enlightenment
 o - 3 potions of might
 u - 2 potions of degeneration {unknown}


   Skills:
 - Level 2.0 Fighting
 - Level 4.0 Dodging
 - Level 6.0 Stealth
 - Level 4.0 Unarmed Combat
 + Level 2.3 Spellcasting
 - Level 6.0 Hexes
 - Level 1.0 Ice Magic


You had one spell level left.
You knew the following spells:

 Your Spells              Type           Power      Damage    Failure   Level
a - Confusing Touch       Hex            23%        N/A       1%          3
b - Dazzling Flash        Conj/Hex       24%        N/A       6%          3
x - Ensorcelled Hibernat  Hex/Ice        28%        N/A       2%          2

Your spell library contained the following spells:

 Spells                   Type           Power      Damage    Failure   Level
 Tukima's Dance           Hex            23%        N/A       1%          3
 Lesser Beckoning         Tloc           4%         N/A       11%         2
 Gell's Gravitas          Tloc           2%         N/A       21%         3
 Mephitic Cloud           Conj/Alch/Air  2%         N/A       21%         3
 Teleport Other           Tloc           2%         N/A       21%         3
 Silence                  Hex/Air        6%         N/A       47%         5
 Curse of Agony           Necr           2%         N/A       86%         5


Dungeon Overview and Level Annotations

Branches:
Dungeon (6/15)
 Temple: D:4-7

Altars:
Qazlal
Vehumet

Shops:
D:2 *


Innate Abilities, Weirdness & Mutations

You have sharp claws.
You have razor-sharp teeth.
You have supernaturally acute eyesight. (SInv)
You are covered in thick fur. (AC +2)
Your paws help you pounce on unaware monsters.
You are incapable of wielding weapons or throwing items.
You cannot wear armour.
You gain extra lives every three experience levels.


Message History

You feel sick.
You feel sick.
You see here an adder corpse.
You start resting.
You feel sick.
You are no longer poisoned.
You start resting.
A shadow imp comes into view.
The shadow imp moves out of view.
You see here a book of Displacement.
You pick up a book of Displacement and begin reading...
You add the spells Lesser Beckoning, Gell's Gravitas and Teleport Other to your library.
The shadow imp closely misses you.
You scratch the shadow imp but do no damage.
The shadow imp barely misses you.
You completely miss the shadow imp. The shadow imp barely misses you.
You claw the shadow imp!
The shadow imp hits you but does no damage.
You closely miss the shadow imp. You bite the shadow imp.
You kill the shadow imp!
A gnoll sergeant and a gnoll come into view.
The gnoll sergeant shouts!
You hear a shout!
A gnoll comes into view. It is wielding a +0 flail.
There is a stone staircase leading up here.
The gnoll shouts!
You hear a shout!
The gnoll sergeant misses you.
Press: ? - help, Shift-Dir - straight line, f - gnoll sergeant
Aim: a gnoll sergeant, wielding a +0 spear and wearing a +0 scale mail (chance to affect: 48%)
The gnoll sergeant resists with some effort.
The gnoll sergeant hits you with a +0 spear.
Press: ? - help, Shift-Dir - straight line, f/p - gnoll sergeant
Aim: a gnoll sergeant, wielding a +0 spear and wearing a +0 scale mail (chance to affect: 48%)
The gnoll sergeant resists with some effort.
The gnoll misses you.
The gnoll sergeant hits you with a +0 spear.
Press: ? - help, Shift-Dir - straight line, f/p - gnoll sergeant
Aim: a gnoll sergeant, wielding a +0 spear and wearing a +0 scale mail (chance to affect: 48%)
The gnoll sergeant looks drowsy...
The gnoll barely misses you.
The helpless gnoll sergeant fails to defend itself.
You mangle the gnoll sergeant!! The gnoll hits you with a +0 flail.
The gnoll closely misses you. The gnoll sergeant barely misses you.
You scratch the gnoll sergeant but do no damage.
You bite the gnoll sergeant. The gnoll barely misses you.
The gnoll closely misses you.
The gnoll sergeant hits you with a +0 spear.
* * * LOW HITPOINT WARNING * * *
The gnoll sergeant hits you from afar with a +0 spear!
* * * LOW HITPOINT WARNING * * *
There is a stone staircase leading up, spattered with blood here.
The gnoll sergeant hits you from afar with a +0 spear!
You die...

..♣♣♣..P♣♣♣......#.....# #[# #
........P........##.########.###
.......†.........##.............
..P..P.....P.####.....##.###.###
..♣♣♣...♣♣♣P.# #.#.#.##.....# #
♣P..♣ ♣..####...#.##.###.###
♣P..♣♣♣P..#ggg#.#...........
.....P.....†g#.#.#.....#.###.
............#@#.....###.#.# #.
####........#######.# #...# #.
########## #.....# ##### ##
#######


You could see a gnoll sergeant and 2 gnolls.

Vanquished Creatures
  A bullfrog (D:6)
  Crazy Yiuf (D:3)
  A hound (D:4)
  3 orc priests
  An orc wizard (D:3)
  Robin (D:2)
  6 adders
  2 shadow imps
  4 dart slugs
  A ribbon worm (D:2)
  9 orcs
  9 endoplasms
  16 goblins
  11 hobgoblins
  6 jackals
  7 ball pythons
  6 bats
  A frilled lizard (D:2)
  6 kobolds
  4 rats
96 creatures vanquished.

Notes
Turn   | Place    | Note
-------+----------+-------------------------------------------
     0 | D:1      | James the Felid Enchanter began the quest for the Orb.
     0 | D:1      | Reached XP level 1. HP: 9/9 MP: 4/4
   249 | D:1      | Reached skill level 1 in Fighting
   456 | D:1      | Reached XP level 2. HP: 9/14 MP: 6/6
   498 | D:1      | Learned a level 2 spell: Ensorcelled Hibernation
   831 | D:2      | Reached skill level 1 in Ice Magic
   831 | D:2      | Reached XP level 3. HP: 18/18 MP: 0/7
   952 | D:2      | Learned a level 3 spell: Confusing Touch
  1020 | D:2      | Found Iwiff's General Store.
  1187 | D:2      | Noticed Robin
  1209 | D:1      | Slain by a goblin
  1209 | D:1      | Lost a life (0 lives remaining)
  1369 | D:2      | Killed Robin
  1370 | D:2      | Reached skill level 5 in Hexes
  1422 | D:2      | Reached XP level 4. HP: 16/23 MP: 8/8
  1422 | D:2      | Gained a life (1 life remaining)
  1661 | D:2      | Bought a scroll of identify for 20 gold pieces
  1663 | D:2      | Bought a scroll of fear for 40 gold pieces
  1897 | D:3      | Killed from afar by an orc wizard
  1897 | D:3      | Lost a life (0 lives remaining)
  2090 | D:3      | Found a stormy altar of Qazlal.
  2121 | D:3      | Reached XP level 5. HP: 26/26 MP: 4/9
  2319 | D:3      | Found a runed translucent door.
  2320 | D:3      | Noticed Crazy Yiuf
  2813 | D:3      | Killed Crazy Yiuf
  2814 | D:3      | Reached skill level 5 in Stealth
  2928 | D:4      | You fall into a shaft and drop 2 floors!
  2963 | D:6      | Gained mutation: You are covered in thick fur. (AC +2)
                  | [Felid growth]
  2963 | D:6      | Reached XP level 6. HP: 30/30 MP: 10/10
  3011 | D:5      | Entered Level 5 of the Dungeon
  3243 | D:4      | Found a radiant altar of Vehumet.
  3897 | D:4      | Learned a level 3 spell: Dazzling Flash
  4343 | D:5      | Mangled by a gnoll sergeant

Illustrated notes

Levels and vault maps discovered:
D:1:      heliophobic_arrival_battle_scene, layout_basic
D:2:      layout_rooms, serial_shops, nicolae_shop_rolling_square,
          minmay_pentomino_pile, uniq_robin
D:3:      layout_basic, lemuel_tele_altar, serial_curves, eino_curves_01,
          eino_curves_02, uniq_crazy_yiuf_cottage
D:4:      layout_basic, nicolae_vehumet_radiance, serial_forest,
          infiniplex_forest_end_3, infiniplex_forest_pool,
          infiniplex_forest_zigzag_2, infiniplex_forest_clump_double,
          infiniplex_forest_lined_4_way
D:5:      layout_basic, lemuel_doored_altar, kennysheep_boxes
D:6:      layout_rooms, mainiacjoe_overflow_tiny_flanked,
          mainiacjoe_overflow_chevrons, grunt_decor_cap,
          minmay_shop_grid_forest, uniq_grinder

Skill      XL: |  1  2  3  4  5  6 |
---------------+-------------------+-----
Fighting       | 1 2 |  2.0
Dodging        | 3 4 |  4.0
Unarmed Combat | 2 3 4 |  4.0
Ice Magic      | 1 |  1.0
Hexes          | 5 6 |  6.0
Stealth        | 5 6 |  6.0
Spellcasting   | |  2.3

Action                     |  1- 3 |  4- 6 || total
---------------------------+-------+-------++-------
  Melee: Unarmed           |   108 |   293 ||   401
         Bite              |     9 |    38 ||    47
         Punch             |     4 |    12 ||    16
   Cast: Ensorcelled Hiber |     8 |    11 ||    19
    Use: Scroll            |       |     7 ||     7
         Potion            |       |     1 ||     1
   Stab: Sleeping          |     8 |    11 ||    19
         Distracted        |       |     1 ||     1
 Armour: Skin              |    39 |    53 ||    92
  Dodge: Dodged            |    89 |   132 ||   221
